 Dungeon Crawl Stone Soup version 0.18.1-8-gdd0e5ea (webtiles) character file.

10754 M4edhros the Covert (level 11, -25/63 HPs)
             Began as an Octopode Artificer on June 8, 2016.
             Was an Elder of Fedhas.
             Killed from afar by a deep elf mage (28 damage)
             ... with an orb of energy
             ... on level 12 of the Dungeon.
             The game lasted 00:33:22 (13198 turns).

M4edhros the Covert (Octopode Artificer)           Turns: 13198, Time: 00:33:22

Health: -25/63     AC:  1    Str: 12    XL:     11   Next: 67%
Magic:  18/18      EV: 16    Int: 20    God:    Fedhas [****..]
Gold:   667        SH:  0    Dex: 15    Spells: 2 memorised, 3 levels left

rFire  . . .     SeeInvis +     x - +3 short sword
rCold  . . .     Gourm    .     (no shield)
rNeg   + . .     Faith    .     (helmet restricted)
rPois  .         Spirit   .     F - amulet of regeneration
rElec  .         Dismiss  .     i - ring of wizardry
rCorr  .         Reflect  .     t - ring of positive energy
SustAt +         Harm     .     G - +6 ring of intelligence
MR     .....                    H - ring of see invisible
Stlth  ++++++++..               e - ring of sustain attributes
                                (no ring)
                                (no ring)
                                (no ring)

@: not resistant to hostile enchantments, extraordinarily stealthy
A: almost no armour, amphibious, 8 rings, constrict 8, camouflage 2, blurry
vision 1, clumsy 1, deterioration 1, frail 1, strong 1, gelatinous body 1, no
device heal 1
a: Evolution, Sunlight, Growth, Reproduction, Renounce Religion


You were on level 12 of the Dungeon.
You worshipped Fedhas.
Fedhas was greatly pleased with you.
You were very hungry.

You visited 2 branches of the dungeon, and saw 13 of its levels.

You collected 667 gold pieces.

Inventory:

Hand Weapons
 o - a +1 short sword of draining
 x - a +3 short sword (weapon)
 y - a +2 quarterstaff of chaos
 D - a +2 quarterstaff of protection
 V - a +4 long sword of electrocution
Magical Staves
 S - an uncursed staff of death
 T - an uncursed staff of conjuration
Rods
 q - a +0 rod of shadows (10/10)
   (You found it on level 2 of the Dungeon)
Jewellery
 e - a ring of sustain attributes (on tentacle)
 i - a ring of wizardry (left tentacle)
 j - an uncursed amulet of magic regeneration
 t - a ring of positive energy (right tentacle)
 F - an amulet of regeneration (around mantle)
 G - a +6 ring of intelligence (on tentacle)
 H - a ring of see invisible (on tentacle)
Wands
 a - a wand of digging (0/24)
 b - a wand of slowing (24/48)
 c - a wand of enslavement (2/24)
 h - a wand of lightning (0/15)
 m - a wand of polymorph (21/24)
 I - a wand of polymorph (10/24)
 J - a wand of paralysis (22/24)
 K - a wand of confusion (18/48)
 L - a wand of digging (8/24)
 N - a wand of confusion (22/48)
 O - a wand of enslavement (8/24)
 Q - a wand of digging (4/24)
 W - a wand of polymorph (11/24)
Scrolls
 g - 6 scrolls of teleportation
 l - 6 scrolls of remove curse
 n - 4 scrolls of enchant armour
 p - 3 scrolls of random uselessness
 s - 2 scrolls of blinking
 u - a scroll of noise
 w - 2 scrolls of immolation
 E - a scroll of magic mapping
 P - 2 scrolls of identify
 Y - a scroll of recharging
Potions
 r - a potion of brilliance
 B - a potion of flight
 C - 2 potions of magic
 X - a potion of curing
Books
 z - a book of Debilitation

   Spells                             Type                      Level
   a - Corona                         Hexes                        1
   b - Slow                           Hexes                        2
   c - Gell's Gravitas                Hexes/Translocation          3
   d - Inner Flame                    Hexes/Fire                   3
   e - Cause Fear                     Hexes                        4
   f - Leda's Liquefaction            Hexes/Earth                  4
 R - a book of the Tempests

   Spells                             Type                      Level
   a - Static Discharge               Conjuration/Air              3
   b - Lightning Bolt                 Conjuration/Air              5
   c - Fireball                       Conjuration/Fire             5
   d - Tornado                        Air                          9
   e - Shatter                        Earth                        9
Miscellaneous
 A - a disc of storms
 M - a plain deck of changes {drawn: 1}
Comestibles
 d - 4 meat rations
 f - 15 bread rations
 k - 8 beef jerkies
 v - 5 fruits
 U - 7 royal jellies


   Skills:
 - Level 5.0 Fighting
 - Level 1.0 Short Blades
 + Level 6.9 Dodging
 - Level 13.0 Stealth
 * Level 4.8 Hexes
 * Level 9.6 Invocations
 * Level 9.7 Evocations


You had 3 spell levels left.
You knew the following spells:

 Your Spells              Type           Power        Failure   Level  Hunger
a - Inner Flame           Hex/Fire       #.......     10%         3    ####...
b - Leda's Liquefaction   Hex/Erth       #.........   47%         4    #####..


Dungeon Overview and Level Annotations

Branches:
Dungeon (12/15)            Temple (1/1) D:4            Lair (0/8) D:10
    Orc (0/2) D:11

Altars:
Ashenzari
Cheibriados
Dithmenos
Elyvilon
Fedhas
Gozag
Kikubaaqudgha
Makhleb
Nemelex Xobeh
Okawaru
Pakellas
Qazlal
Ru
Sif Muna
Trog
Vehumet
Xom
Yredelemnul
Zin
The Shining One

Shops:
D:4 :   D:9 *[   D:12 (*

Annotations:
D:4 Edmund


Innate Abilities, Weirdness & Mutations

You cannot wear most types of armour.
You are amphibious.
You can wear up to eight rings at the same time.
You can use your tentacles to constrict eight enemies at once.
Your skin blends seamlessly with your surroundings (Stealth).
Your rubbery body absorbs attacks (AC +1).
Scrolls take you a little longer to read.
You are clumsy. (Dex -2)
Your body sometimes deteriorates upon taking damage.
You are frail (-10% HP).
Your muscles are strong. (Str +2)
Potions and wands are less effective at restoring your health.


Message History

A deep elf mage comes into view. It is wielding a long sword.
The deep elf mage gestures wildly while chanting.
You see here a giant club.
A battlesphere comes into view.
Evoke which item? (* to show all) (? for menu, Esc to quit)
Zapping:
N - a wand of confusion (24/48)
Press: ? - help, Shift-Dir - straight line, f - deep elf mage
Aim: a deep elf mage, wielding a long sword and wearing a chain mail (chance to defeat MR: 50%)
The deep elf mage resists with some effort.
This wand has 23 charges left.
Evoke which item? (* to show all) (? for menu, Esc to quit)
Zapping:
N - a wand of confusion (23/48)
Press: ? - help, Shift-Dir - straight line, f/p - deep elf mage
Aim: a deep elf mage, wielding a long sword and wearing a chain mail (chance to defeat MR: 50%)
The deep elf mage resists with some effort.
This wand has 22 charges left.
The deep elf mage casts a spell at you. The orb of energy hits you!
You die...
Fedhas appreciates your contribution to the ecosystem.

# #..# #.........#
# #.)# #.........#
# #..# #........<#
# #..# #(........#
# #..# #.........#
# #..# #.........#
#
#..######.........#
#
#........)f.......#
#
#).......@ff......#
#
#..######..ff.....#
# #P.# #.........#
# #<.# #...?.....#
# #(.# #.^.*e....#
# #..# #...?.....#
# #..# #....)....#
# #..# #.........#
# #..# #........$


You could see a deep elf mage, a battlesphere and 5 friendly wandering
mushrooms.

Vanquished Creatures
  An unseen horror (D:12)
  Joseph (D:8)
  A gargoyle (D:12)
  A two-headed ogre (D:9)
  A wraith (D:11)
  6 yaks (D:12)
  A vampire (D:11)
  3 hippogriffs
  A water moccasin (D:11)
  A soldier ant (D:12)
  2 sky beasts (D:8)
  An ice beast (D:7)
  An orc warrior (D:12)
  3 wasps
  5 ogres
  4 centaurs
  2 big kobolds
  4 giant frogs
  A wyvern skeleton (D:10)
  3 scorpions
  6 worker ants
  4 killer bees (D:10)
  4 wights
  3 howler monkeys
  A crimson imp (D:8)
  A quasit (D:11)
  7 hounds
  2 jellies
  4 giant frog skeletons
  2 orc priests
  Jessica (D:3)
  3 iguanas
  8 orc wizards
  A hound skeleton (D:8)
  Robin (D:2)
  A howler monkey skeleton (D:8)
  A worker ant zombie (D:3)
  A gnoll (D:1)
  14 adders
  4 shadow imps
  2 oozes
  5 adder skeletons
  6 worms
  3 dart slugs
  6 giant geckos
  23 orcs
  2 ball pythons
  9 bats
  10 giant cockroaches
  12 goblins
  10 hobgoblins
  34 jackals
  7 kobolds
  10 quokkas
  2 giant newts
  9 rats
262 creatures vanquished.

Vanquished Creatures (collateral kills)
  The ghost of PeterLawrence the Warrior, a journeyman MiFi of Okawaru (D:10)
  Erolcha (D:9)
  2 hill giants (D:12)
  2 trolls
  3 deep elf magi
  Psyche (D:8)
  A centaur skeleton (D:11)
  A shadow (D:11)
  2 hungry ghosts
  A hippogriff (D:8)
  A soldier ant (D:12)
  A water moccasin (D:10)
  An ice beast (D:8)
  An orc warrior (D:6)
  A phantom (D:6)
  4 ogres
  3 centaurs
  Blork the orc (D:6)
  A giant frog (D:10)
  A scorpion (D:8)
  9 killer bees
  2 wights
  A howler monkey (D:11)
  A crimson imp (D:12)
  2 orc wizards
  A giant frog skeleton (D:10)
  An orc priest (D:8)
  2 iguanas
  2 adders
  8 orcs
  3 jackals (D:4)
  3 kobolds
  2 giant newts
  A giant spore (D:12)
68 creatures vanquished.

Vanquished Creatures (others)
  A necrophage (D:7)
  A wasp zombie (D:11)
  A killer bee zombie (D:5)
  2 worker ant zombies (D:5)
  3 orcs
  A jackal (D:1)
  5 wandering mushrooms
  2 fire vortices (D:10)
  A giant spore (D:12)
  216 toadstools
233 creatures vanquished.

Grand Total: 563 creatures vanquished

Notes
Turn   | Place    | Note
--------------------------------------------------------------
     0 | D:1      | M4edhros the Octopode Artificer began the quest for the Orb.
     0 | D:1      | Reached XP level 1. HP: 13/13 MP: 3/3
    38 | D:1      | Reached skill level 2 in Stealth
    46 | D:1      | Reached XP level 2. HP: 6/18 MP: 4/4
    48 | D:1      | Reached skill level 3 in Stealth
   575 | D:1      | Reached skill level 4 in Stealth
   604 | D:1      | Reached XP level 3. HP: 19/23 MP: 5/5
  1072 | D:2      | Reached skill level 5 in Stealth
  1191 | D:2      | Noticed Robin
  1303 | D:3      | Noticed Jessica
  1304 | D:3      | Reached XP level 4. HP: 28/28 MP: 6/6
  1369 | D:3      | Reached skill level 6 in Stealth
  1456 | D:4      | Reached XP level 5. HP: 19/33 MP: 7/7
  1475 | D:4      | Found Saomixom's Book Boutique.
  1475 | D:4      | Noticed an ogre
  1674 | D:4      | Reached skill level 7 in Stealth
  1693 | D:4      | Killed a centaur
  1693 | D:4      | Reached skill level 8 in Stealth
  1707 | D:4      | Killed an ogre
  1707 | D:4      | Reached XP level 6. HP: 38/38 MP: 8/8
  2056 | D:4      | Reached skill level 9 in Stealth
  2106 | D:4      | Reached skill level 10 in Stealth
  2106 | D:4      | Reached XP level 7. HP: 35/43 MP: 9/9
  2247 | D:4      | Noticed Edmund
  2259 | D:4      | Found a staircase to the Ecumenical Temple.
  2275 | Temple   | Entered the Ecumenical Temple
  2318 | Temple   | Became a worshipper of Xom of Chaos
  2520 | D:4      | XOM: silly message
  2526 | D:4      | XOM: god gift: sack of spiders
  2585 | D:3      | Killed Jessica
  2898 | D:3      | XOM: harmless Chrm miscast
  2995 | D:3      | Reached skill level 11 in Stealth
  3410 | D:2      | Found a shadowy altar of Dithmenos.
  3425 | D:2      | Found a faded altar to an unknown god.
  3487 | D:2      | Found a white marble altar of Elyvilon.
  3488 | D:2      | Found an opulent altar of Gozag.
  3488 | D:2      | Found a blossoming altar of Fedhas.
  3488 | D:2      | Found a snail-covered altar of Cheibriados.
  3504 | D:2      | Fell from the grace of Xom
  3504 | D:2      | Became a worshipper of Fedhas Madash
  3578 | D:1      | Identified a +0 rod of shadows (10/10) (You found it on level 2 of the Dungeon)
  3579 | D:1      | great, got early rod of shadows
  3667 | D:2      | Killed Robin
  3774 | D:2      | XOM: summons 2 hostile shadow creatures
  3989 | D:2      | Found a glowing golden altar of the Shining One.
  4273 | D:2      | Found a bloodstained altar of Trog.
  4370 | D:2      | Noticed Crazy Yiuf
  4372 | D:2      | Noticed Crazy Yiuf
  4372 | D:2      | Crazy Yiuf changed into Crazy Yiuf the big kobold
  4506 | D:2      | Killed Crazy Yiuf the big kobold
  4551 | D:2      | Reached * piety under Fedhas
  4627 | D:3      | XOM: draining
  4672 | D:4      | Found a deep blue altar of Sif Muna.
  4766 | D:4      | Reached skill level 1 in Invocations
  4766 | D:4      | Reached XP level 8. HP: 31/50 MP: 10/10
  4923 | D:4      | XOM: give mutations
  4923 | D:4      | Gained mutation: Scrolls take you a little longer to read. [Xom's mischief]
  4923 | D:4      | Gained mutation: Your muscles are strong. (Str +2) [Xom's mischief]
  5166 | D:4      | XOM: polymorph wandering mushroom -> wandering mushroom
  5265 | D:4      | XOM: divination: detect items
  5297 | D:5      | Entered Level 5 of the Dungeon
  5337 | D:5      | XOM: noise
  5477 | D:5      | Reached ** piety under Fedhas
  5616 | D:5      | Found a stormy altar of Qazlal.
  5779 | D:5      | Found a sacrificial altar of Ru.
  5888 | D:5      | XOM: severe Ice miscast
  6186 | D:5      | XOM: summons 2 hostile shadow creatures
  6553 | D:7      | Reached skill level 12 in Stealth
  6617 | D:7      | Reached XP level 9. HP: 55/56 MP: 12/12
  6639 | D:7      | Found a burning altar of Makhleb.
  6651 | D:7      | XOM: give mutations
  6651 | D:7      | Gained mutation: Your body sometimes deteriorates upon taking damage. [Xom's mischief]
  6651 | D:7      | Gained mutation: You are clumsy. (Dex -2) [Xom's mischief]
  6651 | D:7      | Gained mutation: Potions and wands are less effective at restoring your health. [Xom's mischief]
  6651 | D:7      | Gained mutation: You are frail (-10% HP). [Xom's mischief]
  6697 | D:7      | Reached skill level 5 in Evocations
  6771 | D:7      | Reached *** piety under Fedhas
  6821 | D:7      | Found a sparkling altar of Nemelex Xobeh.
  6980 | D:7      | Found a stormy altar of Qazlal.
  7020 | D:7      | Found a burning altar of Makhleb.
  7048 | D:7      | XOM: noise
  7396 | D:6      | Found a basalt altar of Yredelemnul.
  7409 | D:6      | Noticed Blork the orc
  7420 | D:6      | Killed Blork the orc
  7710 | D:8      | Noticed Joseph
  7740 | D:8      | Reached skill level 5 in Invocations
  7768 | D:8      | Noticed Psyche
  7777 | D:8      | Killed Psyche
  7849 | D:8      | Found a bloodstained altar of Trog.
  8302 | D:8      | Found a basalt altar of Yredelemnul.
  8345 | D:8      | Killed Joseph
  8388 | D:8      | Reached skill level 5 in Dodging
  8392 | D:8      | XOM: medium Chrm miscast
  8463 | D:8      | Reached XP level 10. HP: 56/56 MP: 14/14
  8643 | D:8      | Reached **** piety under Fedhas
  8700 | D:8      | XOM: harmless Necr miscast
  8812 | D:8      | XOM: harmless Pois miscast
  8826 | D:8      | XOM: silly message
  9201 | D:8      | XOM: harmless Hex miscast
  9268 | D:9      | Found Juett's General Store.
  9280 | D:9      | XOM: harmless Trmt miscast
  9688 | D:9      | Noticed Erolcha
  9725 | D:9      | Killed Erolcha
  9725 | D:9      | Reached skill level 5 in Fighting
  9725 | D:9      | Reached skill level 13 in Stealth
  9726 | D:9      | XOM: harmless Divn miscast
  9774 | D:9      | Killed a troll
  9900 | D:9      | Learned a level 3 spell: Inner Flame
  9905 | D:9      | Learned a level 4 spell: Leda's Liquefaction
 10044 | D:9      | Found Syilio's Armour Shoppe.
 10269 | D:9      | Found Oplatzej's Antique Armour Shop.
 10317 | D:9      | Reached skill level 1 in Hexes
 10354 | D:10     | Entered Level 10 of the Dungeon
 10404 | D:10     | Noticed PeterLawrence's ghost (journeyman MiFi)
 10426 | D:10     | Killed PeterLawrence's ghost
 10759 | D:10     | Found a staircase to the Lair.
 10952 | D:10     | XOM: mild Fire miscast
 10986 | D:10     | XOM: noise
 11255 | D:10     | XOM: medium Ice miscast
 11443 | D:10     | XOM: mild Fire miscast
 11578 | D:11     | Noticed a deep elf mage
 11600 | D:11     | Killed a deep elf mage
 11609 | D:11     | Reached XP level 11. HP: 58/63 MP: 17/17
 11878 | D:11     | Found a staircase to the Orcish Mines.
 12192 | D:12     | Found Pioqirph's Antique Weapon Shoppe.
 12205 | D:12     | Noticed a deep elf mage
 12299 | D:12     | Noticed an unseen horror
 12313 | D:12     | Killed an unseen horror
 12321 | D:12     | HP: 1/63 [smoke demon][a deep elf mage] (8)]
 12323 | D:12     | Killed a deep elf mage
 12425 | D:12     | Noticed a deep elf mage
 12438 | D:12     | HP: 2/63 [deep elf mage/long sword of electrocution (11)]
 12508 | D:11     | XOM: medium Pois miscast
 12512 | D:12     | Killed a deep elf mage
 12645 | D:12     | XOM: 1-stop teleportation journey
 12645 | D:12     | Was forgiven by Xom
 12826 | D:12     | Gained mutation: Your skin blends seamlessly with your surroundings (Stealth). [potion of mutation]
 13091 | D:12     | Found Watsyderyi's General Store.
 13091 | D:12     | Noticed a hill giant
 13105 | D:12     | Killed a hill giant
 13181 | D:12     | Noticed a hill giant
 13194 | D:12     | HP: 1/63 [hill giant/giant club (38)]
 13194 | D:12     | Killed a hill giant
 13195 | D:12     | Noticed a deep elf mage
 13198 | D:12     | Killed from afar by a deep elf mage

Skill      XL: |  1  2  3  4  5  6  7  8  9 10 11 |
---------------+----------------------------------+-----
Stealth        | 2 4 5 6 8 10 11 12 13 | 13.0
Invocations    | 1 3 6 8 9 |  9.6
Fighting       | 3 4 5 |  5.0
Evocations     | 4 6 8 9 |  9.7
Dodging        | 3 5 6 |  6.9
Hexes          | 2 4 |  4.8
Short Blades   | |  1.0

Action                   |  1- 3 |  4- 6 |  7- 9 | 10-12 || total
-------------------------+-------+-------+-------+-------++-------
Melee: Short sword       |    72 |    49 |   213 |   170 ||   504
       Constrict         |    16 |    11 |    62 |    38 ||   127
       Tentacles         |    14 |     6 |    46 |    49 ||   115
       Quarterstaff      |       |       |    86 |    25 ||   111
       Long sword        |       |       |       |    16 ||    16
Invok: Evolution         |       |       |     3 |     7 ||    10
       Sunlight          |       |       |       |     8 ||     8
       Reproduction      |       |       |       |     2 ||     2
Evoke: Wand              |     1 |    10 |    27 |    35 ||    73
       Rod               |       |       |     2 |     3 ||     5
       Deck              |       |       |       |     1 ||     1
  Use: Potion            |       |     2 |     5 |     6 ||    13
       Scroll            |       |       |     9 |    13 ||    22
 Stab: Sleeping          |     4 |     7 |    56 |    15 ||    82
       Distracted        |       |     1 |     3 |     3 ||     7
       Confused          |       |       |     1 |     5 ||     6
       Paralysed         |       |       |     1 |       ||     1
  Eat: Chunk             |     1 |     3 |     5 |     1 ||    10
       Meat ration       |       |       |     3 |     2 ||     5
       Royal jelly       |       |       |       |     3 ||     3
       Pizza             |       |       |       |     1 ||     1
       Beef jerky        |       |       |       |     1 ||     1
Armor: Skin              |    17 |     3 |    28 |    12 ||    60
Dodge: Dodged            |    42 |    24 |   172 |   171 ||   409
